 Dungeon Crawl Stone Soup version 0.31-a0-1591-g515db51633 (webtiles) character file.

Game seed: 2419864033258720473

96887 browni3141 the Slayer (level 16, 0/198 HPs)
             Began as an Oni Gladiator on Jan 6, 2024.
             Was an Initiate of Yredelemnul.
             Slain by an emperor scorpion (1 damage)
             ... on level 1 of the Spider Nest.
             The game lasted 01:07:29 (31327 turns).

browni3141 the Slayer (Oni Gladiator)              Turns: 31327, Time: 01:07:30

Health: 0/198      AC:  8    Str: 28    XL:     16   Next: 18%
Magic:  23/23      EV: 16    Int:  5    God:    Yredelemnul [......]
Gold:   1923       SH: 20    Dex: 16    Spells: 15/15 levels left

rFire   + + .        V - +0 broad axe (flame)
rCold   + + +        G - +4 tower shield {rC+}
rNeg    . . .        J - +0 swamp dragon scales
rPois   +            c - +0 hat
rElec   .            a - scarf of Wukhen {repulsion, rPois rF+ rC++ Int-4}
rCorr   .            (gloves unavailable)
SInv    .            (boots unavailable)
Will    +....        Q - amulet of the acrobat
Stlth   +            g - +5 ring of evasion
HPRegen 0.53/turn    C - ring of Tegassi {rF+ Dex+6}
MPRegen 0.18/turn

%: repel missiles, acrobat
@: studying Evocations
A: large, unfitting armour, horns 1, tough skin 1, double potion healing,
drunken brawling
a: Renounce Religion, Recall Undead Harvest


You were on level 1 of the Spider Nest.
You worshipped Yredelemnul.
Yredelemnul was aware of your devotion.
You visited 4 branches of the dungeon, and saw 23 of its levels.
You also visited: Sewer and Ice Cave.

You collected 2607 gold pieces.
You spent 684 gold pieces at shops.

Inventory:

Hand Weapons
 V - a +0 broad axe of flaming (weapon)
Missiles
 d - 5 throwing nets
 r - 12 javelins
 s - 5 curare-tipped darts
Armour
 a - the scarf of Wukhen (worn) {repulsion, rPois rF+ rC++ Int-4}
   (You acquired it on level 1 of the Orcish Mines)

   Int-4:     It affects your intelligence (-4).
   rF+:       It protects you from fire.
   rC++:      It greatly protects you from cold.
   rPois:     It protects you from poison
 c - a +0 hat (worn)
 G - a +4 tower shield of cold resistance (worn)
 J - +0 swamp dragon scales (worn)
 N - a +2 robe of willpower
 W - a +2 robe of resistance
Jewellery
 g - a +5 ring of evasion (left hand)
 p - a ring of willpower
 A - a ring of protection from cold
 C - the ring of Tegassi (right hand) {rF+ Dex+6}
   (You found it on level 13 of the Dungeon)

   [ring of dexterity]

   Dex+6:     It affects your dexterity (+6).
   rF+:       It protects you from fire.
 Q - an amulet of the acrobat (around neck)
 R - a +6 ring of dexterity
 Z - a +5 ring of evasion
Wands
 b - a wand of roots (6)
 y - a wand of digging (3)
 z - a wand of acid (12)
 E - a wand of flame (51)
 I - a wand of mindburst (39)
 Y - a wand of polymorph (6)
Scrolls
 f - 6 scrolls of vulnerability
 j - 11 scrolls of teleportation
 m - 2 scrolls of revelation
 n - a scroll of amnesia
 u - a scroll of silence
 v - a scroll of immolation
 x - 2 scrolls of noise
 F - 4 scrolls of fear
 H - a scroll of torment
 K - 3 scrolls of fog
 O - a scroll of enchant weapon {unknown}
 T - a scroll of poison {unknown}
 X - a scroll of butterflies {unknown}
Potions
 h - 3 potions of might
 i - 3 potions of resistance
 k - 3 potions of mutation
 l - 2 potions of lignification
 o - 4 potions of brilliance
 q - a potion of magic
 t - 2 potions of berserk rage
 w - 9 potions of haste
 B - 3 potions of curing
 D - 3 potions of attraction
 M - 2 potions of cancellation
 P - 3 potions of ambrosia
 U - 5 potions of enlightenment
Miscellaneous
 L - a phial of floods (inert)
 S - a phantom mirror (inert)


   Skills:
 - Level 21.8 Fighting
 + Level 14.5 Axes
 - Level 0.5 Ranged Weapons
 - Level 6.0 Throwing
 * Level 2.4 Armour
 - Level 8.0 Dodging
 * Level 8.4 Shields
 - Level 10.0 Invocations
 * Level 9.0 Evocations


You had 15 spell levels left.
You didn't know any spells.
Your spell library contained the following spells:

 Spells                   Type           Power      Damage    Failure   Level
 Kiss of Death            Conj/Necr      0%         2d5       95%         1
 Magic Dart               Conj           0%         1d3       95%         1
 Summon Small Mammal      Summ           0%         N/A       95%         1
 Blink                    Tloc           0%         N/A       98%         2
 Call Imp                 Summ           0%         N/A       98%         2
 Searing Ray              Conj           0%         2d4       98%         2
 Sublimation of Blood     Necr           0%         N/A       98%         2
 Call Canine Familiar     Summ           0%         N/A       100%        3
 Fugue of the Fallen      Necr           0%         N/A       100%        3
 Hailstorm                Conj/Ice       0%         3d5       100%        3
 Mephitic Cloud           Conj/Alch/Air  0%         N/A       100%        3
 Ozocubu's Armour         Ice            0%         N/A       100%        3
 Summon Ice Beast         Ice/Summ       0%         N/A       100%        3
 Fulminant Prism          Conj/Alch      0%         3d5       100%        4
 Manifold Assault         Tloc           0%         N/A       100%        4
 Olgreb's Toxic Radiance  Alch           0%         N/A       100%        4
 Summon Blazeheart Golem  Fire/Summ      0%         N/A       100%        4
 Metabolic Englaciation   Hex/Ice        0%         N/A       100%        5
 Sculpt Simulacrum        Ice/Alch       0%         N/A       100%        6
 Starburst                Conj/Fire      0%         6d3       100%        6
 Infestation              Necr           0%         N/A       100%        8
 Death's Door             Necr           0%         N/A       100%        9


Dungeon Overview and Level Annotations

Branches:
Dungeon (15/15)            Temple (0/1) D:4            Lair (5/5) D:11
  Swamp (0/4) Lair:3       Spider (1/4) Lair:3        Slime (0/5) Lair:5
    Orc (2/2) D:9             Elf (0/3) Orc:2        Vaults (0/5) D:13
 Depths (0/4) D:15          Sewer (visited)           IceCv (visited)

Altars:
Dithmenos
Fedhas
Gozag
Kikubaaqudgha
Trog
Uskayaw
Vehumet
Wu Jian
Xom
Yredelemnul
The Shining One
Jiyva

Shops:
D:5 [   D:11 (   Orc:2 ![=[

Annotations:
D:6 exclusion: oklob plant
Lair:5 3 runed translucent doors, exclusion: 3 doors, MisterAzrael's ghost, journeyman DENe


Innate Abilities, Weirdness & Mutations

You are too large for most types of armour.
You have a pair of small horns on your head.
You have tough skin. (AC +1)
You gain doubled healing and magic from potions.
Whenever you drink a healing potion, you attack all around you.


Message History

You headbutt the emperor scorpion, but do no damage.
The emperor scorpion is almost dead.
The grasping roots constrict the redback!
The grasping roots constrict the emperor scorpion, but do no damage.
The redback struggles to escape constriction.
The redback escapes!
You block the emperor scorpion's attack. x3
Unknown command.
Unknown command.
You hit the emperor scorpion but do no damage.
You headbutt the emperor scorpion, but do no damage.
The emperor scorpion is almost dead.
You slice the redback!! You burn the redback.
You kill the redback!
You hit the tarantella but do no damage.
The grasping roots constrict the emperor scorpion!
You block the tarantella's attack. The emperor scorpion stings you!!
* * * LOW HITPOINT WARNING * * *
The emperor scorpion barely misses you. The emperor scorpion claws you.
* * * LOW HITPOINT WARNING * * *
A tarantella comes into view.
Unknown command.
Unknown command.
Unknown command.
Unknown command.
Unknown command.
You take a swig of the potion and twirl your +0 broad axe of flaming.
You closely miss the tarantella. You headbutt the tarantella.
The tarantella is lightly wounded.
You hit the emperor scorpion. You burn the emperor scorpion.
The emperor scorpion is almost dead.
You savour every drop.
You feel better.
The grasping roots constrict the emperor scorpion.
You block the tarantella's attack. The emperor scorpion stings you!!
* * * LOW HITPOINT WARNING * * *
The emperor scorpion claws you.
* * * LOW HITPOINT WARNING * * *
The emperor scorpion claws you.
You die...
Your body rises from the dead as a mindless zombie.

### #....# # #..#
#^..^#. #.##..###^
.....?.
......(..##.......
..^#....#.#....#.#
....#...#.........
........<.....#^.
######....##....#..
#..@s.(............. #
##.#s...#..#....#....
#.#.#.............# #..
#.................... .
.^#.....#......#...#...
#..#......#....#.......
....#..#.....s....##...
................... ..
.....#.#...#....####


You could see an emperor scorpion (rooted) and 2 tarantellas.

Vanquished Creatures
  A spark wasp (Spider:1)
  Azrael (D:13)
  An ettin (D:13)
  Fannar (Lair:3)
  An ice dragon (D:13)
  3 hydras
  2 ogre magi
  4 boulder beetles
  8 two-headed ogres
  2 centaur warriors
  2 tengu warriors
  3 demonic crawlers (Spider:1)
  6 death yaks
  Nergalle (D:11)
  A skyshark (Lair:3)
  An orb spider (Spider:1)
  A spectral wolf spider (Spider:1)
  2 bog bodies (IceCv)
  2 deep elf pyromancers (D:15)
  2 orc knights
  Maurice (D:8)
  4 orc sorcerers (Orc:2)
  16 ugly things
  4 wolf spiders (Spider:1)
  A manticore (D:15)
  3 kobold blastminers
  2 black mambas
  2 meliai (Lair:4)
  An ice statue (IceCv)
  An elephant (Lair:4)
  A gargoyle (D:10)
  2 spectral redbacks (Spider:1)
  7 cane toads
  4 komodo dragons
  A freezing wraith (IceCv)
  2 ice devils
  An unseen horror (D:10)
  2 anaconda simulacra (IceCv)
  A kobold demonologist (D:9)
  3 rime drakes
  An efreet (D:14)
  A redback zombie (Spider:1)
  7 trolls
  A queen bee (Lair:2)
  8 blink frogs
  A polar bear (Lair:5)
  A tarantella (Spider:1)
  A spectral culicivora (Spider:1)
  A jumping spider (Spider:1)
  A centaur simulacrum (D:15)
  4 culicivoras (Spider:1)
  2 shadows
  8 wyverns
  A wraith (D:12)
  5 basilisks
  11 yaks
  2 wargs
  4 death yak simulacra (IceCv)
  2 steam dragons
  2 harpy simulacra (IceCv)
  8 redbacks
  7 vampire mosquitoes
  3 acid dragons
  2 hell hounds (D:13)
  12 water moccasins
  2 ice beasts (D:7)
  9 black bears
  2 laughing skulls
  18 orc warriors
  12 ogres
  A crocodile (Sewer)
  4 centaurs
  14 wolves
  A kobold brigand (D:8)
  A brain worm (Sewer)
  9 bullfrogs
  A cane toad simulacrum (IceCv)
  2 scorpions
  5 two-headed ogre simulacra (IceCv)
  8 wights
  38 killer bees
  2 elephant simulacra (IceCv)
  2 electric eels (Lair:5)
  A howler monkey (D:9)
  10 orc priests
  3 jellies
  A hound (D:5)
  A gnoll bouda (D:7)
  A sleepcap (D:7)
  Terence (D:3)
  22 orc wizards
  4 troll simulacra (IceCv)
  2 polar bear simulacra (IceCv)
  2 spriggan simulacra (IceCv)
  2 wolf simulacra (IceCv)
  8 gnolls
  2 adders
  8 naga simulacra (IceCv)
  A shadow imp (D:3)
  8 white imps (IceCv)
  5 ufetubi (IceCv)
  3 ribbon worms
  A dart slug (D:3)
  50 orcs
  10 bats
  18 endoplasms
  13 giant cockroaches
  3 goblins
  3 hobgoblins
  15 jackals
  5 quokkas
  7 ball pythons
  4 frilled lizards
  9 kobolds
  12 rats
566 creatures vanquished.

Vanquished Creatures (collateral kills)
  Frances (D:14)
  An orc warlord (Orc:2)
  Snorg (D:12)
  An ogre mage (Orc:2)
  4 hydras
  A two-headed ogre (D:14)
  5 death yaks
  Urug (Lair:2)
  A salamander mystic (D:15)
  An orb spider (Spider:1)
  2 ugly things (D:15)
  6 orc sorcerers (Orc:2)
  A wolf spider (D:15)
  A manticore (D:12)
  A meliai (Lair:4)
  3 black mambas (Lair:2)
  2 kobold blastminers
  4 cane toads
  An unseen horror (D:12)
  2 rime drakes (Lair:4)
  5 komodo dragons
  An ice devil (Lair:2)
  Psyche (D:10)
  A tengu conjurer (D:15)
  A polar bear (Lair:1)
  A queen bee (Lair:4)
  4 blink frogs
  A culicivora (Spider:1)
  3 wyverns
  A wraith (D:13)
  A fire elemental (D:13)
  18 yaks
  2 basilisks
  3 redbacks (Spider:1)
  A vampire mosquito (D:13)
  3 water moccasins
  A hell hound (D:13)
  2 orc warriors (Orc:2)
  2 laughing skulls
  A black bear (Lair:4)
  7 ogres
  4 wolves
  2 centaurs (D:12)
  A kobold brigand (D:4)
  2 gnoll sergeants
  4 bullfrogs
  14 killer bees
  4 orc priests (Orc:1)
  2 jellies
  A hell rat (Lair:4)
  9 orc wizards
  4 gnolls
  A ribbon worm (D:5)
  14 orcs
  2 ball pythons (D:3)
  An endoplasm (D:4)
  2 kobolds
  2 bats (Sewer)
  3 orc zombies
  3 butterflies
175 creatures vanquished.

Vanquished Creatures (others)
  A spectral dire elephant (Spider:1)
  A spectral catoblepas (D:15)
  2 ugly thing zombies
  A wolf spider zombie (Spider:1)
  2 death yak zombies (Lair:5)
  2 redback zombies (Spider:1)
  A meliai zombie (Lair:4)
  A culicivora zombie (Spider:1)
  An ettin zombie (D:13)
  A jumping spider (Spider:1)
  A two-headed ogre zombie (D:14)
  4 cane toad zombies
  An elephant zombie (Lair:4)
  A spectral human (Lair:4)
  A blink frog zombie (Lair:4)
  2 rime drake zombies (Lair:4)
  2 troll zombies
  2 komodo dragon zombies
  A wyvern zombie (Lair:4)
  7 water moccasin zombies
  A human zombie (D:10)
  4 wolf zombies
  3 black bear zombies
  3 bullfrog zombies
  An orc wizard (Orc:2)
  14 killer bee zombies
  An ogre zombie (Orc:2)
  A steam dragon zombie (Lair:4)
  A jelly zombie (Lair:5)
  5 spectral white imps (IceCv)
  5 bat zombies
  5 gnoll zombies
  A hobgoblin zombie (D:3)
  4 kobold zombies
  35 orc zombies
  A quokka zombie (D:3)
  A rat zombie (D:3)
  2 spectral ufetubi (IceCv)
123 creatures vanquished.

Grand Total: 864 creatures vanquished

Notes
Turn   | Place    | Note
-------+----------+-------------------------------------------
     0 | D:1      | browni3141 the Oni Gladiator began the quest for the Orb.
     0 | D:1      | Reached XP level 1. HP: 22/22 MP: 1/1
     1 | D:1      | Found a runed translucent door.
   102 | D:1      | Reached skill level 3 in Fighting
   107 | D:1      | Reached XP level 2. HP: 19/31 MP: 2/2
   575 | D:1      | Found a faded altar of an unknown god.
   593 | D:1      | Reached skill level 4 in Fighting
   597 | D:1      | Reached XP level 3. HP: 37/39 MP: 3/3
  1075 | D:1      | Reached XP level 4. HP: 33/49 MP: 4/4
  1189 | D:2      | Found a basalt altar of Yredelemnul.
  1223 | D:2      | Became a worshipper of Yredelemnul the Dark
  1392 | D:2      | Reached skill level 5 in Fighting
  1607 | D:2      | Reached * piety under Yredelemnul
  2150 | D:3      | Noticed Terence
  2165 | D:3      | Killed Terence
  2166 | D:3      | Reached XP level 5. HP: 51/59 MP: 5/5
  2172 | D:3      | Reached skill level 6 in Fighting
  2488 | D:3      | Reached ** piety under Yredelemnul
  2936 | D:3      | Found a bloodstained altar of Trog.
  3132 | D:4      | Found a staircase to the Ecumenical Temple.
  3221 | D:4      | Noticed a kobold brigand
  3228 | D:4      | Killed a kobold brigand
  3229 | D:4      | Reached XP level 6. HP: 68/68 MP: 6/6
  3265 | D:4      | Reached skill level 7 in Fighting
  3305 | D:4      | Found a glowing golden altar of the Shining One.
  3469 | D:4      | Found a glowing drain.
  3473 | Sewer    | Entered a sewer
  3517 | Sewer    | Reached skill level 1 in Invocations
  4049 | D:5      | Entered Level 5 of the Dungeon
  4107 | D:5      | Reached XP level 7. HP: 79/79 MP: 8/8
  4216 | D:5      | Found Wirua's Antique Armour Shoppe.
  4229 | D:5      | Reached skill level 5 in Axes
  4245 | D:5      | Bought an embroidered robe for 125 gold pieces
  4383 | D:5      | Reached skill level 8 in Fighting
  4768 | D:5      | Reached XP level 8. HP: 70/89 MP: 9/11
  4769 | D:5      | Found a shimmering altar of Xom.
  5873 | D:6      | Found a blossoming altar of Fedhas.
  5891 | D:6      | Noticed an oklob plant
  6444 | D:7      | Reached skill level 9 in Fighting
  6771 | D:7      | Found a basalt altar of Yredelemnul.
  6935 | D:7      | Reached skill level 5 in Throwing
  7095 | D:7      | Reached skill level 10 in Fighting
  7095 | D:7      | Reached XP level 9. HP: 101/101 MP: 12/12
  7746 | D:8      | Noticed Maurice
  8111 | D:8      | Maurice stole a ring of fire
  8115 | D:8      | Something stole a +0 sling
  8123 | D:8      | Reached skill level 11 in Fighting
  8129 | D:8      | Killed Maurice
  8230 | D:8      | Reached skill level 12 in Fighting
  8557 | D:8      | Noticed a two-headed ogre
  8573 | D:8      | Killed a two-headed ogre
  8574 | D:8      | Reached skill level 13 in Fighting
  8574 | D:8      | Reached XP level 10. HP: 77/119 MP: 13/13
  9415 | D:9      | Noticed a centaur warrior
  9419 | D:9      | Killed a centaur warrior
  9420 | D:9      | Reached skill level 1 in Evocations
  9667 | D:9      | Noticed a kobold demonologist
  9671 | D:9      | Killed a kobold demonologist
  9672 | D:9      | Reached skill level 5 in Invocations
  9828 | D:9      | Reached skill level 14 in Fighting
  9917 | D:9      | Found a staircase to the Orcish Mines.
  9919 | D:9      | Found a hide-covered altar of Uskayaw.
 10122 | D:9      | Found a radiant altar of Vehumet.
 10122 | D:9      | Noticed a two-headed ogre
 10141 | D:9      | Killed a two-headed ogre
 10494 | D:10     | Entered Level 10 of the Dungeon
 10509 | D:10     | Noticed a gargoyle
 10515 | D:10     | Killed a gargoyle
 10698 | D:10     | Noticed Psyche
 10858 | D:10     | Noticed a two-headed ogre
 10868 | D:10     | Killed a two-headed ogre
 10869 | D:10     | Reached XP level 11. HP: 108/131 MP: 15/15
 10946 | D:10     | Killed Psyche
 10947 | D:10     | Reached skill level 15 in Fighting
 11165 | D:10     | Noticed a two-headed ogre
 11173 | D:10     | Killed a two-headed ogre
 11370 | D:10     | Your ally Psyche died
 12203 | D:11     | Found Bizxonap's Weapon Emporium.
 12234 | D:11     | Reached skill level 16 in Fighting
 12634 | D:11     | Found a staircase to the Lair.
 12697 | D:11     | Noticed Nergalle
 12701 | D:11     | Reached skill level 10 in Axes
 12708 | D:11     | Killed Nergalle
 12714 | D:11     | Reached *** piety under Yredelemnul
 12714 | D:11     | Reached skill level 17 in Fighting
 13286 | Lair:1   | Entered Level 1 of the Lair of Beasts
 13362 | Lair:1   | Found the +3 Elemental Staff {ele, rElec rF+ rC+ AC+3}
 13531 | Lair:1   | Reached XP level 12. HP: 147/148 MP: 16/16
 13603 | Lair:1   | Reached **** piety under Yredelemnul
 13684 | Lair:1   | Reached skill level 18 in Fighting
 13925 | Lair:1   | Reached ***** piety under Yredelemnul
 15018 | Lair:2   | Noticed Urug
 15029 | Lair:2   | Killed Urug
 15052 | Lair:2   | Noticed Maggie
 15063 | Lair:2   | Killed Maggie
 15063 | Lair:2   | Charmed Maggie
 15107 | Lair:2   | Noticed a seven-headed hydra
 15118 | Lair:2   | Your ally Urug died
 15121 | Lair:2   | Killed a nine-headed hydra
 15122 | Lair:2   | Reached skill level 19 in Fighting
 15148 | Lair:2   | Found a frozen archway.
 15412 | IceCv    | Entered an ice cave
 16031 | IceCv    | Reached XP level 13. HP: 37/162 MP: 19/19
 17314 | IceCv    | Identified the +5 long sword of Severance {freeze, Str+2}
 17675 | Lair:2   | Found an opulent altar of Gozag.
 18049 | Lair:3   | Reached skill level 10 in Invocations
 18088 | Lair:3   | Found a staircase to the Swamp.
 18269 | Lair:3   | Noticed Fannar
 18281 | Lair:3   | Killed Fannar
 18440 | Lair:3   | Reached skill level 20 in Fighting
 18440 | Lair:3   | Reached skill level 5 in Dodging
 18982 | Lair:3   | Found a hole to the Spider Nest.
 18989 | Lair:3   | Reached ****** piety under Yredelemnul
 19977 | Lair:4   | Your ally Maggie died
 20145 | Lair:4   | Reached XP level 14. HP: 108/176 MP: 21/21
 20841 | Lair:4   | Got the Volume of Noxious Ashes
 21768 | Lair:5   | Entered Level 5 of the Lair of Beasts
 22344 | Lair:5   | Reached skill level 21 in Fighting
 22355 | Lair:5   | Reached skill level 5 in Evocations
 22951 | Lair:5   | Found a staircase to the Slime Pits.
 23065 | Lair:5   | Found a runed translucent gate.
 23066 | Lair:5   | Found a runed translucent gate.
 23067 | Lair:5   | Found a runed translucent gate.
 23067 | Lair:5   | Noticed an azure jelly
 23068 | Lair:5   | Noticed MisterAzrael's ghost (journeyman DENe)
 23068 | Lair:5   | Noticed an acid blob
 23068 | Lair:5   | Noticed an acid blob
 23068 | Lair:5   | Noticed an acid blob
 23069 | Lair:5   | Noticed an acid blob
 23069 | Lair:5   | Noticed a quicksilver ooze
 23070 | Lair:5   | Noticed an acid blob
 23134 | Lair:5   | Noticed an azure jelly
 23134 | Lair:5   | Noticed an acid blob
 23134 | Lair:5   | Noticed an azure jelly
 23342 | Lair:5   | Found a viscous altar of Jiyva.
 23602 | Orc:1    | Entered Level 1 of the Orcish Mines
 23981 | Orc:2    | Entered Level 2 of the Orcish Mines
 24133 | Orc:2    | Found a staircase to the Elven Halls.
 24267 | Orc:2    | Found a radiant altar of Vehumet.
 24284 | Orc:2    | Noticed an orc warlord
 24459 | Orc:2    | Killed an orc warlord
 25248 | Orc:1    | Identified a scroll of acquirement
 25260 | Orc:1    | Acquired the scarf of Wukhen {repulsion, rPois rF+ rC++
                  | Int-4}
 25368 | Orc:2    | Reached skill level 1 in Shields
 25441 | Orc:2    | Found Jyagexote's Antique Armour Shoppe.
 25464 | Orc:2    | Found a radiant altar of Vehumet.
 25492 | Orc:2    | Found Omoigih's Antique Armour Emporium.
 25509 | Orc:2    | Reached XP level 15. HP: 76/188 MP: 22/22
 25807 | Orc:2    | Found Weilarph's Distillery.
 25822 | Orc:2    | Bought a potion of curing for 39 gold pieces
 25822 | Orc:2    | Bought a potion of curing for 39 gold pieces
 25822 | Orc:2    | Bought a potion of attraction for 39 gold pieces
 25822 | Orc:2    | Bought 2 potions of enlightenment for 130 gold pieces
 25822 | Orc:2    | Bought a potion of haste for 130 gold pieces
 25822 | Orc:2    | Bought 2 potions of lignification for 78 gold pieces
 25822 | Orc:2    | Bought a potion of ambrosia for 104 gold pieces
 25833 | Orc:2    | Found an ancient bone altar of Kikubaaqudgha.
 25849 | Orc:2    | Found Omoigih's Jewellery Emporium.
 26122 | D:12     | Got the Disquisition on Malignant Arts
 26261 | D:12     | Noticed Snorg
 26272 | D:12     | Killed Snorg
 26388 | D:12     | Your ally Snorg died
 26531 | D:12     | Found a shadowy altar of Dithmenos.
 27195 | D:13     | Identified the ring of Tegassi {rF+ Dex+6}
 27261 | D:13     | Reached skill level 5 in Shields
 27591 | D:13     | Found a gate to the Vaults.
 27640 | D:13     | Noticed Azrael
 27655 | D:13     | Killed Azrael
 28380 | D:14     | Acquired a manual of Evocations
 29015 | D:14     | Noticed Frances
 29027 | D:14     | Killed Frances
 29297 | D:15     | Entered Level 15 of the Dungeon
 29770 | D:15     | Found a staircase to the Depths.
 30136 | D:15     | Found an ornate altar of the Wu Jian Council.
 30827 | Spider:1 | Entered Level 1 of the Spider Nest
 30840 | Spider:1 | Reached XP level 16. HP: 104/198 MP: 23/23
 30849 | Spider:1 | Reached skill level 1 in Armour
 31310 | Spider:1 | HP: 8/198 [demonic crawler (6)]
 31327 | Spider:1 | HP: 5/198 [emperor scorpion (19)]
 31327 | Spider:1 | HP: 1/198 [emperor scorpion (4)]
 31327 | Spider:1 | Slain by an emperor scorpion

Illustrated notes

Levels and vault maps discovered:
D:1:      dpeg_arrival_caged_fury, layout_basic,
          hellmonk_ecumenical_altar_dog_temple, kennysheep_nondescript,
          lemuel_flame_loot_1
D:2:      layout_loops_ring, basic_altar, grunt_ministairs_6, bh_walls_and_bars
D:3:      cheibrodos_helix_gallery, layout_loops_corners,
          mainiacjoe_overflow_alcove_4, uniq_terence
D:4:      layout_rooms, nicolae_tso_carved_into_rock, minmay_temple_entry_fiery,
          gup_sewer_entry_spiral, grunt_decor_junction
D:5:      layout_basic, xom_butterflies, serial_shops, shop
D:6:      layout_layer_cave, tgw_fedhas, hangedman_decor_growths,
          chequers_serial_rivers_micro_d
D:7:      layout_gridville, yredelemnul_altar_generic, kennysheep_crisscross
D:8:      layout_rooms, uniq_maurice
D:9:      layout_loops_ring, mainiacjoe_overflow_alcove_1,
          nicolae_vehumet_altar_sigil, minmay_orc_entry_guard_dogs
D:10:     layout_gridville, uniq_psyche
D:11:     layout_roguey, due_lair_maze_entry_diamond, serial_shops, shop,
          uniq_nergalle
D:12:     layout_irregular_city, grunt_dithmenos_smoke, uniq_snorg
D:13:     layout_small_grid, david_vaults_4,
          nicolae_concentric_dashed_squares_mild, uniq_azrael
D:14:     layout_loops_ring, hangedman_abyss_or_decor_stabs, uniq_frances
D:15:     hangedman_depths_entry_try_elsewhere_first, layout_layer_cave,
          nzn_wu_jian_contemplation, nicolae_letterblocks
          [nicolae_letter_subblock, nicolae_letter_subblock,
          nicolae_letter_subblock, nicolae_letter_subblock,
          nicolae_letter_subblock, nicolae_letter_subblock,
          nicolae_letter_subblock, nicolae_letter_subblock,
          nicolae_letter_subblock, nicolae_letter_subblock,
          nicolae_letter_subblock, nicolae_letter_subblock,
          nicolae_letter_subblock, nicolae_letter_subblock,
          nicolae_letter_subblock, nicolae_letter_subblock,
          nicolae_letter_subblock, nicolae_letter_subblock,
          nicolae_letter_subblock, nicolae_letter_subblock,
          nicolae_letter_subblock, nicolae_letter_subblock,
          nicolae_letter_subblock, nicolae_letter_subblock,
          nicolae_letter_subblock]
Lair:1:   layout_cave_pods, serial_bayou_crossing, grunt_megastairs_5,
          infiniplex_staircase_pool_2
Lair:2:   layout_cave_pods, special_room [special_room_bee],
          portal_ice_cave_demonic_guard, basic_altar, beast_lair_carwin_1,
          grunt_megastairs_4, uniq_maggie, uniq_urug
Lair:3:   layout_regular_city, swamp_mist, spider_nest_entry_funnel_web,
          lemuel_fruit_tree, lemuel_fruit_fields, grunt_megastairs_3,
          uniq_fannar
Lair:4:   regret_index_wax_grids, layout_misc_corridors
Lair:5:   wormcave, layout_hall_layers, nicolae_slime_entry_field_trip,
          serial_forest, infiniplex_forest_diagonal, infiniplex_forest_end_2,
          infiniplex_forest_lined_corner, infiniplex_forest_clump_diagonal,
          infiniplex_forest_lined_room_2, infiniplex_forest_straight_3,
          infiniplex_forest_corner_1, infiniplex_forest_clump_medium,
          gammafunk_ghost_ooze, nicolae_quartered_pool_super
Spider:1: cheibrodos_forgotten_conduit, drop_trap, nicolae_spider_nook
Orc:1:    layout_caves
Orc:2:    kennysheep_orc_mage_school, layout_diamond_mine, basic_altar

Skill      XL: |  1  2  3  4  5  6  7  8  9 10 11 12 13 14 15 16 |
---------------+-------------------------------------------------+-----
Fighting       | 3 4 5 6 7 8 10 13 14 17 19 20 21 | 21.8
Axes           | 4 5 6 7 9 10 11 12 13 14 | 14.5
Invocations    | 2 4 6 9 10 | 10.0
Throwing       | 3 5 6 |  6.0
Evocations     | 3 4 5 8 9 |  9.0
Dodging        | 6 8 |  8.0
Shields        | 3 8 |  8.4
Armour         | 2 |  2.4
Ranged Weapons | |  0.5

Action                     |  1- 3 |  4- 6 |  7- 9 | 10-12 | 13-15 | 16-18 || total
---------------------------+-------+-------+-------+-------+-------+-------++-------
  Melee: War axe           |    98 |   158 |   168 |    18 |       |       ||   442
         Headbutt          |    14 |    26 |    30 |    66 |   210 |    27 ||   373
         Punch             |       |     1 |     1 |     1 |       |       ||     3
         Battleaxe         |       |       |       |   356 |   419 |       ||   775
         Broad axe         |       |       |       |       |   354 |    59 ||   413
   Fire: Orcbow            |       |       |       |    10 |       |       ||    10
  Throw: Javelin           |       |     2 |     9 |       |     2 |     3 ||    16
         Dart              |       |     4 |     3 |     5 |       |       ||    12
         Large rock        |       |       |     2 |       |     1 |     1 ||     4
 Invoke: Dark Bargain      |       |     1 |     1 |     2 |       |       ||     4
         Recall Undead Har |       |       |       |     2 |     6 |       ||     8
         Bind Soul         |       |       |       |     1 |     3 |       ||     4
         Drain Life        |       |       |       |       |     1 |       ||     1
  Evoke: Wand              |       |       |     4 |    35 |     8 |     9 ||    56
         Phantom mirror    |       |       |       |       |     3 |       ||     3
         Phial of floods   |       |       |       |       |     2 |     1 ||     3
    Use: Scroll            |       |     5 |     2 |     7 |    17 |     1 ||    32
         Potion            |       |       |     2 |       |     3 |     3 ||     8
   Stab: Sleeping          |     1 |     2 |       |       |     4 |       ||     7
         Distracted        |       |     1 |     1 |     5 |     9 |     1 ||    17
         Petrified         |       |       |       |       |    54 |       ||    54
         Petrifying        |       |       |       |       |     5 |       ||     5
 Armour: Robe              |    59 |    59 |   110 |   323 |   393 |       ||   944
         Swamp dragon scal |       |       |       |       |    13 |    54 ||    67
  Dodge: Dodged            |    82 |   108 |   144 |   358 |   516 |    50 ||  1258
         Repelled          |       |       |       |       |     4 |       ||     4
  Block: Tower shield      |       |       |       |       |   266 |   101 ||   367

Table legend: (Time is in decaauts)
 A = Elapsed time spent in this place.
 B = Non-inter-level travel time spent in this place.
 C = Inter-level travel time spent in this place.
 D = Time resting spent in this place.
 E = Time spent auto-exploring this place.
 F = Levels seen in this place.
 G = Mean time per level.
                   A        B        C        D        E       F      G
               +--------+--------+--------+--------+--------+-----+--------+
         Total |  31616 |  30277 |   1339 |   2114 |  22790 |  25 | 1264.6 |
       Dungeon |  17932 |  17081 |    851 |    665 |  13724 |  15 | 1195.5 |
          Lair |   8728 |   8403 |    325 |    999 |   5962 |   5 | 1745.6 |
   Spider Nest |    150 |    150 |      0 |      0 |      9 |   1 |  150.0 |
  Orcish Mines |   2366 |   2204 |    162 |    175 |   1466 |   2 | 1183.0 |
         Sewer |    361 |    361 |      0 |     60 |    241 |   1 |  361.0 |
      Ice Cave |   2077 |   2077 |      0 |    215 |   1388 |   1 | 2077.0 |
               +--------+--------+--------+--------+--------+-----+--------+

Top non-repeatable levels by time:
  Lair:4: 2354 daAuts
   IceCv: 2077 daAuts
  Lair:3: 1910 daAuts
    D:10: 1715 daAuts
  Lair:5: 1679 daAuts
     D:7: 1652 daAuts
   Orc:2: 1634 daAuts
  Lair:1: 1504 daAuts
     D:8: 1357 daAuts
     D:6: 1321 daAuts
    D:15: 1303 daAuts
     D:9: 1300 daAuts
  Lair:2: 1278 daAuts
    D:11: 1256 daAuts
    D:13: 1234 daAuts
